 Dungeon Crawl Stone Soup version 0.27-a0-1278-g6cbc8dfb29 (webtiles) character file.

Game seed: 14562551505748269917

15831 freelancePsychic the Thaumaturge (level 12, 0/102 HPs)
             Began as a Mummy Venom Mage on June 12, 2021.
             Was a Priest of Ashenzari.
             Slain by a quicksilver dragon (3 damage)
             ... on level 2 of the Abyss.
             The game lasted 00:41:47 (16447 turns).

freelancePsychic the Thaumaturge (MuVM)            Turns: 16447, Time: 00:41:48

Health: 0/102      AC: 16    Str: 12    XL:     12   Next: 4%
Magic:  37/37      EV: 14    Int: 24    God:    Ashenzari [***...]
Gold:   738        SH:  6    Dex: 13    Spells: 23/36 levels left

rFire    x . .     SeeInvis +   k - +8 autumn katana {vorpal, Clar, Fort, Melee} (curse)
rCold    + . .     Faith    .   l - +1 buckler {AC+3}
rNeg     + + +     Spirit   .   r - +0 acid dragon scales
rPois    ∞         Reflect  .   e - +1 hat "Shattered Sophism" {Evo, Range} (curse)
rElec    .         Harm     .   h - +0 cloak "Elitism of Ashenzari" {Cun, Range} (curse)
rCorr    +         Rampage  .   f - +2 pair of gloves of the Wild Blue Yonder {Self, Range} (curse)
Will     +....     Clarity  +   (no boots)
Stlth    ++........             (no amulet)
HPRegen  0.27/turn              m - ring of magical power
MPRegen  0.25/turn              g - ring "Bound Anarchy" {Int+6, Cun, Comp} (curse)

@: no status effects
A: cold resistance 1, negative energy resistance 3, torment resistance 2, heat
vulnerability 1, no potions
a: Renounce Religion, Curse Item, Shatter the Chains


You were on level 2 of the Abyss.
You worshipped Ashenzari.
Ashenzari was most pleased with you.
You visited 2 branches of the dungeon, and saw 12 of its levels.
You visited the Abyss 1 time.
You also visited: Sewer and Bailey.

You collected 888 gold pieces.
You spent 150 gold pieces at shops.

Inventory:

Hand Weapons
 k - the cursed +8 autumn katana (weapon) {vorpal, Clar, Fort, Melee}
   (You took it off an orc wizard on level 5 of the Dungeon)

   It inflicts extra damage upon your enemies.
   It protects you against confusion.
   It has a curse which improves the following skills: Fortitude: Armour and
   Shields.
   Melee Combat: Short Blades, Long Blades, Axes, Maces & Flails, Polearms,
   Staves and Unarmed Combat.
Missiles
 d - 7 curare-tipped darts
Armour
 a - a +0 robe
 b - a scarf of shadows
 e - the cursed +1 hat "Shattered Sophism" (worn) {Evo, Range}
   (You found it on level 4 of the Dungeon)

   It has a curse which improves the following skills: Evocations: Evocations.
   Ranged Combat: Slings, Bows, Crossbows and Throwing.
 f - the cursed +2 pair of gloves of the Wild Blue Yonder (worn) {Self, Range}
   (You found it on level 2 of the Dungeon)

   It has a curse which improves the following skills: Introspection: Fighting
   and Spellcasting.
   Ranged Combat: Slings, Bows, Crossbows and Throwing.
 h - the cursed +0 cloak "Elitism of Ashenzari" (worn) {Cun, Range}
   (You found it in a sewer)

   It has a curse which improves the following skills: Cunning: Dodging and
   Stealth.
   Ranged Combat: Slings, Bows, Crossbows and Throwing.
 l - a +1 buckler of protection (worn)
 r - +0 acid dragon scales (worn)
 v - +0 ice dragon scales
Jewellery
 g - the cursed ring "Bound Anarchy" (right hand) {Int+6, Cun, Comp}
   (You took it off an orc wizard on level 5 of the Dungeon)

   [ring of intelligence]

   It affects your intelligence (+6).
   It has a curse which improves the following skills: Cunning: Dodging and
   Stealth.
   Companions: Summonings and Necromancy.
 m - a ring of magical power (left hand)
Wands
 i - a wand of flame (27)
 j - a wand of acid (14)
 p - a wand of mindburst (12)
 t - a wand of polymorph (10)
Scrolls
 c - 4 scrolls of teleportation {@r4}
 n - a scroll of blinking
 q - 3 scrolls of fear
 s - a scroll of amnesia
 u - a scroll of enchant weapon


   Skills:
 * Level 10.4(12.1) Fighting
 + Level 5.8(7.7) Long Blades
 - Level 1.1(2.3) Maces & Flails
 * Level 5.8(7.7) Armour
 - Level 4.2(6.9) Dodging
 - Level 1.5(3.5) Stealth
 - Level 4.0(5.7) Shields
 - Level 11.0(12.6) Spellcasting
 - Level 1.5 Transmutations
 - Level 3.0 Fire Magic
 - Level 5.4 Poison Magic


You had 23 spell levels left.
You knew the following spells:

 Your Spells              Type           Power      Damage    Failure   Level
a - Sting                 Tmut/Pois      100%       1d8       1%          1
b - Poisonous Vapours     Pois/Air       56%        N/A       2%          2
c - Ignite Poison         Fire/Tmut/Pois 31%        N/A       4%          3
d - Olgreb's Toxic Radia  Pois           41%        N/A       6%          4
e - Mephitic Cloud        Conj/Pois/Air  23%        N/A       9%          3

Your spell library contained the following spells:

 Spells                   Type           Power      Damage    Failure   Level
 Freeze                   Ice            60%        1d8       6%          1
 Sandblast                Erth           30%        2d9       6%          1
 Shock                    Conj/Air       60%        1d6       6%          1
 Passwall                 Tmut/Erth      15%        N/A       6%          2
 Static Discharge         Conj/Air       15%        N/A       9%          2
 Frozen Ramparts          Ice            30%        1d5       17%         3
 Ozocubu's Armour         Ice            15%        N/A       17%         3
 Stone Arrow              Conj/Erth      30%        3d8       17%         3
 Swiftness                Air            15%        N/A       17%         3
 Petrify                  Tmut/Erth      18%        N/A       38%         4
 Airstrike                Air            7%         N/A       50%         4
 Hailstorm                Conj/Ice       15%        3d5       50%         4
 Lee's Rapid Deconstruct  Erth           7%         3d8*      85%         5
 Lightning Bolt           Conj/Air       7%         1d20      85%         5
 Metabolic Englaciation   Hex/Ice        7%         N/A       85%         5


Dungeon Overview and Level Annotations

Branches:
Dungeon (11/15)            Temple (1/1) D:4            Lair (0/6) D:8
    Orc (0/2) D:11          Sewer (visited)          Bailey (visited)

Altars:
Ashenzari
Cheibriados
Dithmenos
Elyvilon
Fedhas
Gozag
Hepliaklqana
Kikubaaqudgha
Makhleb
Nemelex Xobeh
Okawaru
Qazlal
Ru
Sif Muna
Trog
Uskayaw
Vehumet
Wu Jian
Xom
Yredelemnul
Zin
The Shining One

Shops:
D:4 *   D:6 *

Annotations:
D:2 Robin


Innate Abilities, Weirdness & Mutations

You are immune to poison.
Your flesh is cold resistant. (rC+)
You are immune to negative energy. (rN+++)
You are immune to unholy pain and torment.
You are vulnerable to heat. (rF-)
You do not drink.


Message History

As you read the scroll of teleportation {@r4}, it crumbles to dust.
You feel strangely unstable.
You feel the power of the Abyss delaying your translocation!
The quicksilver dragon breathes dispelling energy at you.
The bolt of dispelling energy misses you.
You hear an angry squeal.
The quicksilver dragon breathes dispelling energy at you.
The bolt of dispelling energy hits you!!
You feel strangely stable.
The quicksilver dragon breathes dispelling energy at you.
The bolt of dispelling energy hits you.
As you read the scroll of torment, it crumbles to dust.
You feel a surge of unholy energy.
The quicksilver dragon convulses!
As you read the scroll of torment, it crumbles to dust.
You feel a surge of unholy energy.
The quicksilver dragon convulses!
The quicksilver dragon bites you!
* * * LOW HITPOINT WARNING * * *
The quicksilver dragon barely misses you.
The quicksilver dragon bites you!
* * * LOW HITPOINT WARNING * * *
The quicksilver dragon closely misses you.
You can't drink.
As you read the scroll of torment, it crumbles to dust.
You feel a surge of unholy energy.
The quicksilver dragon convulses!
You block the quicksilver dragon's attack.
The quicksilver dragon claws you but does no damage.
Press: ? - help, v - describe, . - travel
Here: a quicksilver dragon (almost dead, catching its breath)
The floor.
You hit the quicksilver dragon.
The quicksilver dragon is almost dead.
The quicksilver dragon bites you but does no damage.
The quicksilver dragon claws you but does no damage.
The quicksilver dragon bites you!
* * * LOW HITPOINT WARNING * * *
The quicksilver dragon misses you.
You hit the quicksilver dragon.
The quicksilver dragon is almost dead.
The quicksilver dragon bites you.
You die...

#. , #. .##... ., ,
* .#.* . . ., ,
,#.....*.. ....., *
* ## * #.......,...
.. ... .. . ....# ,
,, #######...#.*....
* ,** #............
*, .##..#+#..#.## ,
##,##..#.@*.....# *
, # ##...#D##.#.#(#
, , , , *
#,,..#...#....+ , #
. #.#. .. .# ,
*#,#.# #...# ..... *
##.### #.#......#.#
* .##..#..##.....##
#,# , , ....
.##............* *,
#......D.#.#.#..#.+#
*


You could see a quicksilver dragon and a lurking horror.

Vanquished Creatures
  Snorg (D:10)
  2 two-headed ogres
  Urug (D:11)
  Sonja (D:10)
  Nergalle (D:10)
  2 orc knights (Bailey)
  A manticore (D:11)
  Maggie (D:8)
  Maurice (D:9)
  An unseen horror (D:10)
  2 komodo dragons (D:8)
  A kobold demonologist (D:10)
  A hornet (D:8)
  Prince Ribbit (D:5)
  Sigmund (D:2)
  A shadow (D:10)
  A wyvern (D:8)
  13 yaks
  A vampire (D:10)
  A steam dragon (D:7)
  Menkaure (D:5)
  An acid dragon (D:8)
  Duvessa (D:7)
  4 water moccasins
  A swamp drake (D:8)
  8 orc warriors
  A black bear (D:7)
  An ice beast (D:5)
  A sky beast (D:6)
  4 necrophages
  2 ogres (D:5)
  2 centaurs (D:10)
  2 phantoms (D:5)
  4 bullfrogs (D:7)
  5 kobold brigands
  3 gnoll sergeants
  Dowan (D:7)
  A scorpion (D:6)
  A water moccasin skeleton (D:5)
  5 jellies
  6 killer bees (D:9)
  3 wights (D:6)
  5 howler monkeys
  A bullfrog zombie (D:5)
  4 centaur zombies
  11 hounds
  6 orc priests
  A bullfrog skeleton (D:6)
  2 iguanas
  13 orc wizards
  A killer bee zombie (D:5)
  A hound skeleton (D:5)
  A howler monkey zombie (D:3)
  2 howler monkey skeletons (D:5)
  11 gnolls
  12 adders
  3 white imps
  3 ufetubi
  An adder skeleton (D:4)
  5 worms
  2 dart slugs
  47 orcs
  7 bats
  5 endoplasms
  6 giant cockroaches
  12 goblins
  7 hobgoblins
  2 jackals (D:5)
  7 quokkas
  10 ball pythons
  2 frilled lizards
  29 kobolds
  3 rats
315 creatures vanquished.

Vanquished Creatures (others)
  5 plants (Sewer)
5 creatures vanquished.

Grand Total: 320 creatures vanquished

Notes
Turn   | Place    | Note
-------+----------+-------------------------------------------
     0 | D:1      | freelancePsychic the Mummy Venom Mage began the quest for
                  | the Orb.
     0 | D:1      | Reached XP level 1. HP: 13/13 MP: 4/4
   521 | D:1      | Reached skill level 1 in Transmutations
   601 | D:1      | Reached XP level 2. HP: 13/19 MP: 0/5
  1002 | D:1      | You fall into a shaft and drop 1 floor!
  1031 | D:1      | Found a faded altar of an unknown god.
  1507 | D:2      | Found a bloodstained altar of Trog.
  1528 | D:2      | Learned a level 2 spell: Poisonous Vapours
  1543 | D:1      | Reached skill level 1 in Fire Magic
  1543 | D:1      | Reached XP level 3. HP: 21/24 MP: 1/7
  2076 | D:2      | Noticed Robin
  2211 | D:2      | Noticed Sigmund
  2661 | D:2      | Reached XP level 4. HP: 30/30 MP: 3/8
  2851 | D:2      | Killed Sigmund
  2852 | D:2      | Reached skill level 4 in Spellcasting
  2852 | D:2      | Reached XP level 5. HP: 35/35 MP: 3/11
  3275 | D:3      | Reached XP level 6. HP: 37/41 MP: 12/12
  4220 | D:3      | Learned a level 3 spell: Ignite Poison
  4250 | D:4      | Found Katucemp's Assorted Antiques.
  4515 | D:4      | Found a staircase to the Ecumenical Temple.
  4527 | Temple   | Entered the Ecumenical Temple
  4720 | D:4      | Learned a level 4 spell: Olgreb's Toxic Radiance
  4724 | D:4      | Learned a level 3 spell: Mephitic Cloud
  4850 | D:4      | Reached skill level 5 in Spellcasting
  4894 | D:4      | Reached XP level 7. HP: 46/46 MP: 5/15
  5054 | D:4      | Found a broken altar of Ashenzari.
  5219 | D:4      | Became a worshipper of Ashenzari the Shackled
  5241 | D:4      | Reached skill level 6 in Spellcasting
  5561 | D:4      | Found a hazy altar of Hepliaklqana.
  5730 | D:4      | Reached skill level 5 in Poison Magic
  5862 | D:5      | Entered Level 5 of the Dungeon
  5936 | D:5      | Found a glowing drain.
  5951 | Sewer    | Entered a sewer
  6389 | Sewer    | Reached skill level 7 in Spellcasting
  6389 | Sewer    | Reached XP level 8. HP: 43/52 MP: 4/18
  6836 | D:5      | Reached skill level 1 in Fighting
  6860 | D:5      | Reached skill level 1 in Maces & Flails
  7025 | D:5      | Noticed Prince Ribbit
  7030 | D:5      | Killed Prince Ribbit
  7031 | D:5      | Reached skill level 8 in Spellcasting
  7120 | D:5      | Found an opulent altar of Gozag.
  7972 | D:5      | Noticed Menkaure
  7981 | D:5      | Reached skill level 9 in Spellcasting
  7984 | D:5      | Killed Menkaure
  7985 | D:5      | Reached XP level 9. HP: 64/66 MP: 8/22
  8062 | D:5      | Reached skill level 5 in Fighting
  8241 | D:4      | Bought a runed buckler for 150 gold pieces
  8402 | D:5      | Reached skill level 1 in Long Blades
  8402 | D:5      | Reached skill level 1 in Shields
  8912 | D:6      | Found a shimmering altar of Xom.
  8953 | D:6      | Found a blossoming altar of Fedhas.
  9315 | D:6      | Found Tisoar's General Store.
 10280 | D:7      | Reached * piety under Ashenzari
 10536 | D:7      | Reached XP level 10. HP: 42/77 MP: 9/24
 10718 | D:7      | Noticed Duvessa
 10720 | D:7      | Noticed Dowan
 10724 | D:7      | Killed Duvessa
 10724 | D:7      | Killed Dowan
 11041 | D:7      | Reached skill level 10 in Spellcasting
 11605 | D:8      | Reached ** piety under Ashenzari
 11813 | D:8      | Reached skill level 1 in Armour
 11813 | D:8      | Found a staircase to the Lair.
 12088 | D:8      | Noticed Maggie
 12094 | D:8      | Killed Maggie
 12499 | D:9      | Noticed Maurice
 12506 | D:9      | Killed Maurice
 12871 | D:9      | Reached skill level 11 in Spellcasting
 12871 | D:9      | Reached XP level 11. HP: 90/90 MP: 27/27
 13394 | D:10     | Entered Level 10 of the Dungeon
 13406 | D:10     | Reached *** piety under Ashenzari
 13408 | D:10     | Noticed a two-headed ogre
 13433 | D:10     | Killed a two-headed ogre
 13726 | D:10     | Noticed Snorg
 13736 | D:10     | Killed Snorg
 13914 | D:10     | Noticed Sonja
 13920 | D:10     | Killed Sonja
 14235 | D:10     | Reached skill level 5 in Long Blades
 14251 | D:10     | Found an iron altar of Okawaru.
 14263 | D:10     | Noticed Nergalle
 14272 | D:10     | Killed Nergalle
 14923 | D:11     | Found a flagged portal.
 14975 | D:11     | Noticed Urug
 14985 | D:11     | Killed Urug
 15069 | Bailey   | Entered a bailey
 15195 | Bailey   | Reached skill level 5 in Armour
 15224 | Bailey   | Noticed an orc knight
 15231 | Bailey   | Killed an orc knight
 15232 | Bailey   | Reached skill level 10 in Fighting
 15468 | Bailey   | Noticed an orc knight
 15603 | Bailey   | Identified the +0 kite shield of the Volcano {rElec Int-5
                  | Dex+5 Stlth+}
 15641 | Bailey   | Killed an orc knight
 16060 | D:11     | Found a staircase to the Orcish Mines.
 16103 | D:11     | Noticed a two-headed ogre
 16109 | D:11     | Killed a two-headed ogre
 16110 | D:11     | Reached XP level 12. HP: 102/102 MP: 23/28
 16330 | D:11     | Cast into level 2 of the Abyss (a wizard)
 16396 | Abyss:2  | Noticed a starcursed mass
 16430 | Abyss:2  | Noticed a quicksilver dragon
 16446 | Abyss:2  | HP: 3/102 [quicksilver dragon (12)]
 16447 | Abyss:2  | Slain by a quicksilver dragon

Illustrated notes

Levels and vault maps discovered:
D:1:      amcnicky_arrival_abandoned_market, layout_loops_ring,
          chequers_ecumenical_altar_grove
D:2:      layout_loops_ring, basic_altar, uniq_sigmund, uniq_robin
D:3:      layout_basic
D:4:      minmay_recursive_quarters, layout_basic, evilmike_ruin_ashenzari,
          worldfamousw_hep_ancestral_shrine, minmay_temple_entry_mini_moons,
          serial_shops, shop_statue
D:5:      kennysheep_windowed_halls, layout_rooms,
          nicolae_gozag_cash_rules_everything_around_me,
          cheibrodos_sewer_entry_bend, serial_curves, eino_curves_04,
          eino_curves_04, uniq_menkaure, uniq_prince_ribbit1
D:6:      layout_gridville, lemuel_crystal_altar, xom_teletrap_fun,
          serial_shops, nicolae_shop_window_shopping
D:7:      layout_cave_pods, lemuel_doored_altar, uniq_duvessa
D:8:      minmay_flawed_box, layout_basic, erik_lair_dragon, uniq_maggie
D:9:      layout_gridville, uniq_maurice
D:10:     layout_loops_ring, kennysheep_mini, uniq_nergalle, uniq_sonja,
          uniq_snorg
D:11:     lemuel_ice_spiral_2, layout_irregular_city, orc_0_dummy,
          enter_bailey_8, uniq_urug
Temple:   minmay_freezing_vapour_temple
Abyss:2:  base: D:1, minivault_25_ag

Skill      XL: |  1  2  3  4  5  6  7  8  9 10 11 |
---------------+----------------------------------+-----
Transmutations | 1 |  1.5
Dodging        | 2 3 4 |  4.2
Fire Magic     | 1 2 3 |  3.0
Poison Magic   | 3 4 5 |  5.4
Spellcasting   | 4 5 7 9 11 | 11.0
Fighting       | 4 5 8 10 | 10.4
Maces & Flails | 1 |  1.1
Long Blades    | 3 5 |  5.8
Shields        | 4 |  4.0
Armour         | 2 5 |  5.8
Stealth        | |  1.5

Action                   |  1- 3 |  4- 6 |  7- 9 | 10-12 || total
-------------------------+-------+-------+-------+-------++-------
Melee: Whip              |    11 |    68 |    73 |       ||   152
       Katana            |       |       |    37 |   101 ||   138
 Cast: Sting             |    82 |    45 |       |       ||   127
       Poisonous Vapours |       |    36 |   101 |    68 ||   205
       Ignite Poison     |       |     2 |    40 |    42 ||    84
       Mephitic Cloud    |       |     1 |    24 |    17 ||    42
       Olgreb's Toxic Ra |       |       |    10 |    35 ||    45
Invok: Curse Item        |       |       |     3 |     3 ||     6
       Shatter the Chain |       |       |     1 |       ||     1
  Use: Scroll            |     3 |     5 |       |     5 ||    13
 Stab: Sleeping          |     1 |       |       |     1 ||     2
       Distracted        |       |       |       |     1 ||     1
       Confused          |       |       |       |     1 ||     1
Armor: Robe              |    20 |    30 |    46 |    10 ||   106
       Acid dragon scale |       |       |       |    31 ||    31
Dodge: Dodged            |    27 |    79 |    81 |    82 ||   269
Block: Buckler           |       |       |     5 |    41 ||    46
       Rpst.: Katana     |       |       |     4 |    17 ||    21

Table legend: (Time is in decaauts)
 A = Elapsed time spent in this place.
 B = Non-inter-level travel time spent in this place.
 C = Inter-level travel time spent in this place.
 D = Time resting spent in this place.
 E = Time spent auto-exploring this place.
 F = Levels seen in this place.
 G = Mean time per level.
                   A        B        C        D        E       F      G
               +--------+--------+--------+--------+--------+-----+--------+
         Total |  16495 |  15977 |    518 |   2394 |  10891 |  15 | 1099.7 |
       Dungeon |  14881 |  14363 |    518 |   2383 |   9700 |  11 | 1352.8 |
        Temple |      1 |      1 |      0 |      0 |      0 |   1 |    1.0 |
         Abyss |    116 |    116 |      0 |      0 |      0 |   1 |  116.0 |
         Sewer |    713 |    713 |      0 |      0 |    613 |   1 |  713.0 |
        Bailey |    782 |    782 |      0 |     11 |    578 |   1 |  782.0 |
               +--------+--------+--------+--------+--------+-----+--------+

Top non-repeatable levels by time:
     D:5: 2263 daAuts
     D:2: 1738 daAuts
     D:4: 1737 daAuts
     D:1: 1530 daAuts
    D:10: 1441 daAuts
     D:7: 1366 daAuts
     D:8: 1262 daAuts
     D:3: 972 daAuts
     D:6: 967 daAuts
     D:9: 963 daAuts
  Bailey: 782 daAuts
   Sewer: 713 daAuts
    D:11: 637 daAuts
 Abyss:2: 116 daAuts
  Temple: 1 daAuts
